Flames vs Rangers
Created - December 29, 2024 at 19:46
Goals
|
| Flames |
1 |
0 |
3 |
0 |
0 |
4 |
| Rangers |
0 |
4 |
0 |
0 |
1 |
5 |
|
Shots
|
| Flames |
6 |
10 |
14 |
1 |
3 |
31 |
| Rangers |
7 |
17 |
7 |
2 |
2 |
33 |
|
1st period
1. Flames , Tanner Pearson 8 (Patrik Berglund 10, Evgeny Svechnikov 2) at 11:33 (PP)
Penalties :
Erik Johnson (Cal) for Roughing (Minor) at 2:24, Milan Lucic (NyR) for Cross-checking (Minor) at 10:57, Tomas Hertl (NyR) for Interference (Minor) at 12:18, Brad Marchand (Cal) for Interference (Minor) at 17:46
2nd period
2. Rangers , Samuel Blais 3 (Casey Mittelstadt 4, Ondrej Palat 13) at 4:02
3. Rangers , Ryan Strome 9 (Cale Makar 24, Milan Lucic 13) at 4:55 (PP)
4. Rangers , Cale Makar 9 (Sean Couturier 12, Ryan Strome 9) at 13:33 (PP)
5. Rangers , Tomas Hertl 15 (Ryan Strome 10, Ondrej Palat 14) at 14:28
Penalties :
Brad Marchand (Cal) for High sticking (Minor) at 0:57, Bryan Rust (Cal) for High sticking (Minor) at 4:37, Jimmy Hayes (Cal) for Elbowing (Minor) at 6:28, Erik Johnson (Cal) for Interference (Minor) at 7:12, Eric Staal (Cal) for Roughing (Minor) at 13:16, Jimmy Hayes (Cal) for Slashing (Minor) at 14:47
3rd period
6. Flames , Brad Marchand 6 (Bryan Rust 6) at 12:02
7. Flames , Eric Staal 16 (Bryan Rust 7, Kevin Labanc 10) at 13:22
8. Flames , Eric Staal 17 (Bryan Rust 8, Evgeny Svechnikov 3) at 15:10
Penalties :
Brad Marchand (Cal) for Tripping (Minor) at 9:56
Overtime #1
No Goal
Penalties :
No Penalty
Shootout
Flames, Eric Staal - Stopped by Samuel Montembeault
Rangers, Milan Lucic - Stopped by Christopher Gibson
Flames, Jake DeBrusk - Stopped by Samuel Montembeault
Rangers, Sean Couturier - Goal!
Flames, Jimmy Hayes - Stopped by Samuel Montembeault
Penalties :
No Penalty
Goalie Stats
Christopher Gibson (Cal), 29 saves from 33 shots - (0.879), OTL, 13-8-1, 65:00 minutes
Samuel Montembeault (NyR), 27 saves from 31 shots - (0.871), W, 7-8-5, 65:00 minutes
Players Stats for Flames
Player Name G A P +/- PIM S H SB GA TA FO MP PP MP PK MP
------------------------------------------------------------------------------------
Anders Lee 0 0 0 0 0 0 0 0 1 0 1/3 8:33 0:00 2:16
Brad Marchand 1 0 1 1 6 5 2 0 0 0 1/2 21:03 0:00 3:48
Bryan Rust 0 3 3 1 2 1 1 0 0 1 0/3 23:02 0:00 4:49
Christian Folin 0 0 0 1 0 1 1 3 0 0 0/0 23:18 0:52 8:56
Colby Robak 0 0 0 1 0 0 0 1 0 0 0/0 16:27 0:00 4:17
David Ullstrom 0 0 0 0 0 1 1 1 0 1 0/0 9:12 0:00 2:58
Eric Staal 2 0 2 0 2 6 1 0 0 0 14/30 22:07 1:27 2:46
Erik Johnson 0 0 0 0 4 3 3 1 1 0 0/0 29:50 1:43 6:11
Esa Lindell 0 0 0 0 0 1 0 1 1 0 0/0 14:53 0:52 0:06
Evgeny Svechnikov 0 2 2 0 0 0 1 0 0 1 0/0 7:17 1:08 0:00
Jake DeBrusk 0 0 0 0 0 1 2 1 0 0 1/1 16:18 1:27 1:09
Jimmy Hayes 0 0 0 0 4 3 1 0 0 0 0/2 12:43 1:27 0:01
Kevin Labanc 0 1 1 0 0 1 1 0 1 0 0/0 10:58 0:00 0:00
Kyle Palmieri 0 0 0 0 0 1 0 0 0 0 5/8 10:58 0:00 0:00
Patrik Berglund 0 1 1 1 0 2 2 1 2 1 12/23 21:22 1:08 7:24
Rasmus Andersson 0 0 0 1 0 0 0 2 0 1 0/0 15:40 0:00 4:11
Sami Vatanen 0 0 0 -1 0 3 0 1 2 0 0/0 25:23 1:43 2:44
Tanner Pearson 1 0 1 0 0 2 2 0 1 0 0/1 11:19 1:08 0:00
Players Stats for Rangers
Player Name G A P +/- PIM S H SB GA TA FO MP PP MP PK MP
------------------------------------------------------------------------------------
Cale Makar 1 1 2 -1 0 2 1 1 0 1 0/0 30:35 9:03 0:00
Casey Mittelstadt 0 1 1 1 0 0 2 0 0 0 3/8 11:04 0:00 0:44
Connor Chatam 0 0 0 1 0 1 0 0 0 1 0/1 10:17 0:00 0:00
David Pope 0 0 0 -1 0 0 1 0 0 0 0/0 6:37 0:00 0:16
Devante Smith-Pelly 0 0 0 -1 0 0 0 1 0 1 0/1 22:49 5:07 0:00
Dmitry Kulikov 0 0 0 -1 0 1 1 0 0 1 0/0 15:09 0:00 0:58
Henrik Samuelsson 0 0 0 -1 0 2 0 0 0 0 3/4 8:18 0:00 1:35
Jake McCabe 0 0 0 0 0 2 1 0 0 3 0/0 28:49 4:10 1:37
Mikhail Sergachev 0 0 0 -2 0 1 0 1 1 0 0/0 24:23 9:03 1:46
Milan Lucic 0 1 1 0 2 6 2 0 1 0 3/5 26:20 8:06 1:02
Oliver Bjorkstrand 0 0 0 -1 0 1 0 0 0 0 0/0 6:21 0:00 0:00
Ondrej Palat 0 2 2 -1 0 0 2 2 0 0 0/3 18:33 5:07 0:00
Ryan Strome 1 2 3 0 0 6 2 0 1 0 1/1 22:03 8:06 0:55
Samuel Blais 1 0 1 1 0 4 0 0 0 1 0/1 10:17 0:00 0:00
Sean Couturier 0 1 1 0 0 2 1 0 1 1 24/40 25:50 8:06 0:38
Steven Santini 0 0 0 1 0 1 0 1 0 0 0/0 11:16 0:00 0:49
Tomas Hertl 1 0 1 -1 2 2 1 1 1 0 5/9 18:54 5:07 0:00
Vince Dunn 0 0 0 1 0 2 2 1 0 0 0/0 14:48 4:10 0:00
3 Stars
1 - Ryan Strome (NyR)
2 - Eric Staal (Cal)
3 - Cale Makar (NyR)
Power Play
Flames - 1 on 2 Attempt(s) - 50.00%
Rangers - 2 on 9 Attempt(s) - 22.22%
Penalty Kill
Flames - 7 on 9 Attempt(s) - 77.78%
- Score 0 goal in Penalty Kill
Rangers - 1 on 2 Attempt(s) - 50.00%
- Score 0 goal in Penalty Kill
Team Stat
Flames - Hits : 18 - Faceoff Wins : 34 - Blocked Shots : 12 - Penalty Minutes : 18
Rangers - Hits : 16 - Faceoff Wins : 39 - Blocked Shots : 8 - Penalty Minutes : 4
Official
Referees : Steve Kozari and Brandon Schrader
Linesman : Steve Miller and Bryan Pancich
Game Notes
No Game Note
Finance
Level 1 -- Attendance: 5080 (84.67%) -- Ticket Income $508,000
Level 2 -- Attendance: 4811 (96.22%) -- Ticket Income $336,770
Level 3 -- Attendance: 1791 (89.55%) -- Ticket Income $71,640
Level 4 -- Attendance: 3954 (98.85%) -- Ticket Income $118,620
Luxury Box -- Attendance: 879 (87.90%) -- Ticket Income $175,800
Game was played at the Madison Square Garden.
Total Attendance: 16515 (91.75%)
Total Ticket Income: $1,210,830
Other Income: $181,624
Total Income: $1,392,454
Flames
5 vs 5 Forward
Center Left Wing Right Wing Time % Phy DF OF
1 Eric Staal Brad Marchand Bryan Rust 40 1 2 2
2 Patrik Berglund Tanner Pearson Jimmy Hayes 30 1 2 2
3 Kyle Palmieri Jake DeBrusk Kevin Labanc 20 1 2 2
4 Anders Lee David Ullstrom Evgeny Svechnikov 10 1 2 2
5 vs 5 Defense
Defense Defense Time % Phy DF OF
1 Erik Johnson Sami Vatanen 40 1 2 2
2 Esa Lindell Christian Folin 30 1 2 2
3 Colby Robak Rasmus Andersson 20 1 2 2
4 Erik Johnson Sami Vatanen 10 1 2 2
PowerPlay Forward
Center Left Wing Right Wing Time % Phy DF OF
1 Eric Staal Jake DeBrusk Jimmy Hayes 60 1 1 3
2 Patrik Berglund Tanner Pearson Evgeny Svechnikov 40 1 1 3
PowerPlay Defense
Defense Defense Time % Phy DF OF
1 Erik Johnson Sami Vatanen 60 1 1 3
2 Esa Lindell Christian Folin 40 1 1 3
Penalty Kill 4 Players Forward
Center Wing Time % Phy DF OF
1 Patrik Berglund Brad Marchand 60 1 3 1
2 Eric Staal Bryan Rust 40 1 3 1
Penalty Kill 4 Players Defense
Defense Defense Time % Phy DF OF
1 Erik Johnson Christian Folin 60 1 3 1
2 Colby Robak Rasmus Andersson 40 1 3 1
Penalty Kill - 3 Players Forward
Forward Time % Phy DF OF
1 Eric Staal 60 1 3 1
2 Patrik Berglund 40 1 3 1
Penalty Kill - 3 Players Defense
Defense Defense Time % Phy DF OF
1 Erik Johnson Christian Folin 60 1 3 1
2 Colby Robak Rasmus Andersson 40 1 3 1
4 vs 4 Forward
Center Wing Time % Phy DF OF
1 Eric Staal Brad Marchand 60 1 2 2
2 Patrik Berglund Bryan Rust 40 1 2 2
4 vs 4 Defense
Defense Defense Time % Phy DF OF
1 Erik Johnson Sami Vatanen 60 1 2 2
2 Esa Lindell Christian Folin 40 1 2 2
Last Minutes Offensive
Center Left Wing Right Wing Defense Defense
Eric Staal Brad Marchand Bryan Rust Erik Johnson Sami Vatanen
Last Minutes Defensive
Center Left Wing Right Wing Defense Defense
Eric Staal Brad Marchand Bryan Rust Erik Johnson Sami Vatanen
Goaltenders
Starting : Christopher Gibson
Backup : Michael Hutchinson
Extra Forwards
Normal : Bryan Rust, Jake DeBrusk, Patrik Berglund - PP : Tanner Pearson, Brad Marchand - PK : Bryan Rust
Extra Defensemen
Normal : Esa Lindell, Christian Folin, Colby Robak - PP : Esa Lindell - PK : Sami Vatanen, Colby Robak
Penalty Shots
Eric Staal, Jake DeBrusk, Jimmy Hayes, Tanner Pearson, Kevin Labanc
Custom OT Lines Forwards
Eric Staal, Jake DeBrusk, Patrik Berglund, Bryan Rust, Jimmy Hayes, Brad Marchand, Tanner Pearson, Evgeny Svechnikov, Kevin Labanc, Kyle Palmieri
Custom OT Lines Defensemen
Erik Johnson, Sami Vatanen, Christian Folin, Esa Lindell, Colby Robak
Scratches
Matthew Nieto (Healthy), Victor Rask (Lacerated Left Calf Injury)
Rangers
5 vs 5 Forward
Center Left Wing Right Wing Time % Phy DF OF
1 Sean Couturier Milan Lucic Devante Smith-Pelly 40 1 2 2
2 Tomas Hertl Ondrej Palat Ryan Strome 30 1 2 2
3 Casey Mittelstadt Samuel Blais Connor Chatam 20 1 2 2
4 Henrik Samuelsson David Pope Oliver Bjorkstrand 10 1 2 2
5 vs 5 Defense
Defense Defense Time % Phy DF OF
1 Cale Makar Jake McCabe 45 1 2 2
2 Dmitry Kulikov Mikhail Sergachev 30 1 2 2
3 Steven Santini Vince Dunn 24 1 2 2
4 Cale Makar Jake McCabe 1 1 2 2
PowerPlay Forward
Center Left Wing Right Wing Time % Phy DF OF
1 Sean Couturier Milan Lucic Ryan Strome 60 1 1 3
2 Tomas Hertl Ondrej Palat Devante Smith-Pelly 40 1 1 3
PowerPlay Defense
Defense Defense Time % Phy DF OF
1 Cale Makar Mikhail Sergachev 60 1 2 2
2 Jake McCabe Vince Dunn 40 1 2 2
Penalty Kill 4 Players Forward
Center Wing Time % Phy DF OF
1 Henrik Samuelsson Milan Lucic 60 1 2 2
2 Sean Couturier Casey Mittelstadt 40 1 2 2
Penalty Kill 4 Players Defense
Defense Defense Time % Phy DF OF
1 Jake McCabe Mikhail Sergachev 60 1 2 2
2 Dmitry Kulikov Steven Santini 40 1 2 2
Penalty Kill - 3 Players Forward
Forward Time % Phy DF OF
1 Sean Couturier 60 1 2 2
2 Casey Mittelstadt 40 1 2 2
Penalty Kill - 3 Players Defense
Defense Defense Time % Phy DF OF
1 Jake McCabe Mikhail Sergachev 60 1 2 2
2 Dmitry Kulikov Steven Santini 40 1 2 2
4 vs 4 Forward
Center Wing Time % Phy DF OF
1 Sean Couturier Milan Lucic 60 1 2 2
2 Tomas Hertl Ondrej Palat 40 1 2 2
4 vs 4 Defense
Defense Defense Time % Phy DF OF
1 Cale Makar Jake McCabe 60 1 2 2
2 Mikhail Sergachev Dmitry Kulikov 40 1 2 2
Last Minutes Offensive
Center Left Wing Right Wing Defense Defense
Tomas Hertl Milan Lucic Ryan Strome Jake McCabe Cale Makar
Last Minutes Defensive
Center Left Wing Right Wing Defense Defense
Sean Couturier Milan Lucic Casey Mittelstadt Jake McCabe Dmitry Kulikov
Goaltenders
Starting : Samuel Montembeault
Backup : Eric Comrie
Extra Forwards
Normal : Ryan Strome, Ondrej Palat, Henrik Samuelsson - PP : Ryan Strome, Ondrej Palat - PK : Ryan Strome
Extra Defensemen
Normal : Jake McCabe, Mikhail Sergachev, Cale Makar - PP : Mikhail Sergachev - PK : Jake McCabe, Mikhail Sergachev
Penalty Shots
Milan Lucic, Sean Couturier, Tomas Hertl, Devante Smith-Pelly, Ryan Strome
Custom OT Lines Forwards
Milan Lucic, Sean Couturier, Tomas Hertl, Devante Smith-Pelly, Ryan Strome, Ondrej Palat, Henrik Samuelsson, Oliver Bjorkstrand, David Pope, Samuel Blais
Custom OT Lines Defensemen
Jake McCabe, Cale Makar, Dmitry Kulikov, Vince Dunn, Mikhail Sergachev
Scratches
Patrik Nemeth (Lacerated Right Calf Injury), Seth Griffith (Healthy), Stefan Noesen (Healthy)
% Time on Ice - Flames
Lines # - Real PCT - Wanted PCT - Time Play
Normal Forward
1 - 38% - 40% - 16:54
2 - 23% - 30% - 10:11
3 - 25% - 20% - 10:58
4 - 14% - 10% - 6:09
Normal Defense
1 - 42% - 40% - 18:21
2 - 33% - 30% - 14:29
3 - 24% - 20% - 10:43
4 - 1% - 10% - 0:39
PP Forward
1 - 56% - 60% - 1:27
2 - 44% - 40% - 1:08
PP Defense
1 - 66% - 60% - 1:43
2 - 34% - 40% - 0:52
PK Forward
1 - 82% - 60% - 9:49
2 - 18% - 40% - 2:09
PK Defense
1 - 65% - 60% - 7:47
2 - 35% - 40% - 4:11
PK3 Forward
1 - 81% - 60% - 1:01
2 - 19% - 40% - 0:14
PK3 Defense
1 - 100% - 60% - 1:15
2 - 0% - 40% - 0:00
44 Forward
1 - 0% - 60%
2 - 0% - 40%
44 Defense
1 - 0% - 60%
2 - 0% - 40%
Last Minute Offensive - 0:00
Last Minute Defensive - 0:00
Total
Forward - 60:00
Defense - 60:00
|
% Time on Ice - Rangers
Lines # - Real PCT - Wanted PCT - Time Play
Normal Forward
1 - 35% - 40% - 15:24
2 - 28% - 30% - 12:10
3 - 23% - 20% - 10:17
4 - 14% - 10% - 6:21
Normal Defense
1 - 46% - 45% - 20:28
2 - 30% - 30% - 13:17
3 - 24% - 24% - 10:27
4 - 0% - 1% - 0:00
PP Forward
1 - 61% - 60% - 8:06
2 - 39% - 40% - 5:07
PP Defense
1 - 68% - 60% - 9:03
2 - 32% - 40% - 4:10
PK Forward
1 - 75% - 60% - 1:57
2 - 25% - 40% - 0:38
PK Defense
1 - 68% - 60% - 1:46
2 - 32% - 40% - 0:49
PK3 Forward
1 - 0% - 60%
2 - 0% - 40%
PK3 Defense
1 - 0% - 60%
2 - 0% - 40%
44 Forward
1 - 0% - 60%
2 - 0% - 40%
44 Defense
1 - 0% - 60%
2 - 0% - 40%
Last Minute Offensive - 0:00
Last Minute Defensive - 0:00
Total
Forward - 60:00
Defense - 60:00
|
Play-by-Play
1st period
0:01 of 1st period - Sean Couturier wins face-off versus Brad Marchand in neutral zone.
0:26 of 1st period - Jimmy Hayes is hit by Ondrej Palat and loses puck.
0:58 of 1st period - Backhand shot by Jake DeBrusk.
0:58 of 1st period - Shot Misses the Net.
1:36 of 1st period - Wrist shot by Henrik Samuelsson.
1:36 of 1st period - Shot Hit the Post.
1:38 of 1st period - Slapshot by Dmitry Kulikov.
1:38 of 1st period - Deflect By Eric Staal.
1:38 of 1st period - Stopped by Christopher Gibson without a rebound.
1:39 of 1st period - Henrik Samuelsson wins face-off versus Patrik Berglund in Flames zone.
1:48 of 1st period - Wrist shot by Jimmy Hayes.
1:48 of 1st period - Deflect By Patrik Berglund.
1:48 of 1st period - Shot Misses the Net.
1:48 of 1st period - Puck is out of play.
1:49 of 1st period - Tomas Hertl wins face-off versus Patrik Berglund in Rangers zone.
2:16 of 1st period - Erik Johnson is hit by Casey Mittelstadt and loses puck.
2:24 of 1st period - Minor Penalty to Erik Johnson for Roughing.
2:25 of 1st period - Patrik Berglund wins face-off versus Milan Lucic in Flames zone.
2:59 of 1st period - Wrist shot by Cale Makar.
2:59 of 1st period - Shot Blocked by Sami Vatanen.
3:15 of 1st period - Slapshot by Cale Makar.
3:15 of 1st period - Shot Blocked by Rasmus Andersson.
3:58 of 1st period - Tomas Hertl is hit by Bryan Rust and loses puck.
4:24 of 1st period - Penalty to Erik Johnson is over, Erik Johnson is back on ice.
4:34 of 1st period - Icing by Esa Lindell.
4:35 of 1st period - Kyle Palmieri wins face-off versus Connor Chatam in Flames zone.
4:46 of 1st period - Slapshot by Esa Lindell.
4:46 of 1st period - Stopped by Samuel Montembeault with a rebound.
4:48 of 1st period - Slapshot by Sami Vatanen.
4:48 of 1st period - Stopped by Samuel Montembeault without a rebound.
4:49 of 1st period - Henrik Samuelsson wins face-off versus Eric Staal in Rangers zone.
5:19 of 1st period - Slapshot by Tanner Pearson.
5:19 of 1st period - Shot Misses the Net.
6:00 of 1st period - Jake McCabe is hit by Evgeny Svechnikov and loses puck.
6:23 of 1st period - Snap shot by Sean Couturier.
6:23 of 1st period - Shot Blocked by Christian Folin.
6:51 of 1st period - Wrist shot by Henrik Samuelsson.
6:51 of 1st period - Stopped by Christopher Gibson with a rebound.
6:53 of 1st period - Snap shot by Mikhail Sergachev.
6:53 of 1st period - Shot Misses the Net.
7:33 of 1st period - Snap shot by Ryan Strome.
7:33 of 1st period - Stopped by Christopher Gibson without a rebound.
7:34 of 1st period - Eric Staal wins face-off versus Sean Couturier in Flames zone.
8:04 of 1st period - Wrist shot by Patrik Berglund.
8:04 of 1st period - Stopped by Samuel Montembeault with a rebound.
8:06 of 1st period - Wrist shot by Jimmy Hayes.
8:06 of 1st period - Stopped by Samuel Montembeault without a rebound.
8:07 of 1st period - Tomas Hertl wins face-off versus Tanner Pearson in Rangers zone.
9:09 of 1st period - Slapshot by Eric Staal.
9:09 of 1st period - Stopped by Samuel Montembeault without a rebound.
9:10 of 1st period - Eric Staal wins face-off versus Tomas Hertl in Rangers zone.
10:11 of 1st period - Off-side.
10:12 of 1st period - Sean Couturier wins face-off versus Eric Staal in neutral zone.
10:15 of 1st period - Slapshot by Jake McCabe.
10:15 of 1st period - Deflect By Bryan Rust.
10:15 of 1st period - Stopped by Christopher Gibson without a rebound.
10:16 of 1st period - Eric Staal wins face-off versus Sean Couturier in Flames zone.
10:16 of 1st period - Eric Staal is hit by Jake McCabe.
10:29 of 1st period - Off-side.
10:30 of 1st period - Sean Couturier wins face-off versus Eric Staal in neutral zone.
10:36 of 1st period - Icing by Erik Johnson.
10:37 of 1st period - Sean Couturier wins face-off versus Eric Staal in Flames zone.
10:51 of 1st period - Cale Makar is hit by Brad Marchand and loses puck.
10:57 of 1st period - Minor Penalty to Milan Lucic for Cross-checking.
10:58 of 1st period - Jake DeBrusk wins face-off versus Henrik Samuelsson in Rangers zone.
11:24 of 1st period - Mikhail Sergachev is hit by Tanner Pearson and loses puck.
11:33 of 1st period - Snap shot by Tanner Pearson.
11:33 of 1st period - Goal by Tanner Pearson - Flames : 1 - Rangers : 0.
11:34 of 1st period - Eric Staal wins face-off versus Sean Couturier in neutral zone.
12:00 of 1st period - Erik Johnson is hit by Ryan Strome.
12:06 of 1st period - Wrist shot by Tanner Pearson.
12:06 of 1st period - Shot Blocked by Ondrej Palat.
12:08 of 1st period - Snap shot by Patrik Berglund.
12:08 of 1st period - Shot Misses the Net.
12:10 of 1st period - Wrist shot by Christian Folin.
12:10 of 1st period - Shot Blocked by Tomas Hertl.
12:12 of 1st period - Snap shot by Patrik Berglund.
12:12 of 1st period - Shot Misses the Net.
12:18 of 1st period - Minor Penalty to Tomas Hertl for Interference.
12:19 of 1st period - Henrik Samuelsson wins face-off versus Jimmy Hayes in Rangers zone.
12:32 of 1st period - Snap shot by Milan Lucic.
12:32 of 1st period - Shot Misses the Net.
12:38 of 1st period - Henrik Samuelsson is hit by Jake DeBrusk and loses puck.
13:31 of 1st period - Jimmy Hayes is hit by Milan Lucic and loses puck.
14:01 of 1st period - Jimmy Hayes is hit by David Pope and loses puck.
14:18 of 1st period - Penalty to Tomas Hertl is over, Tomas Hertl is back on ice.
14:25 of 1st period - Off-side.
14:26 of 1st period - Tomas Hertl wins face-off versus Anders Lee in neutral zone.
14:31 of 1st period - Slapshot by Tomas Hertl.
14:31 of 1st period - Shot Blocked by Colby Robak.
14:33 of 1st period - Snap shot by Vince Dunn.
14:33 of 1st period - Stopped by Christopher Gibson with a rebound.
15:03 of 1st period - Icing by Jake DeBrusk.
15:04 of 1st period - Milan Lucic wins face-off versus Kyle Palmieri in Flames zone.
15:05 of 1st period - Wrist shot by Devante Smith-Pelly.
15:05 of 1st period - Deflect By Sean Couturier.
15:05 of 1st period - Stopped by Christopher Gibson with a rebound.
15:07 of 1st period - Snap shot by Milan Lucic.
15:07 of 1st period - Deflect By Devante Smith-Pelly.
15:07 of 1st period - Shot Misses the Net.
15:07 of 1st period - Puck is out of play.
15:08 of 1st period - Sean Couturier wins face-off versus Eric Staal in Flames zone.
15:50 of 1st period - Jake McCabe is hit by Jimmy Hayes and loses puck.
17:22 of 1st period - Wrist shot by Henrik Samuelsson.
17:22 of 1st period - Stopped by Christopher Gibson without a rebound.
17:23 of 1st period - Eric Staal wins face-off versus Sean Couturier in Flames zone.
17:46 of 1st period - Minor Penalty to Brad Marchand for Interference.
17:47 of 1st period - Sean Couturier wins face-off versus Patrik Berglund in Flames zone.
18:16 of 1st period - Snap shot by Cale Makar.
18:16 of 1st period - Shot Misses the Net.
19:06 of 1st period - Ondrej Palat is hit by Erik Johnson and loses puck.
19:46 of 1st period - Penalty to Brad Marchand is over, Brad Marchand is back on ice.
Goals for this period are 1 for Flames vs 0 for Rangers.
Shots for this period are 6 for Flames vs 7 for Rangers.
2nd period
0:01 of 2nd period - Sean Couturier wins face-off versus Eric Staal in neutral zone.
0:13 of 2nd period - Wrist shot by Brad Marchand.
0:13 of 2nd period - Stopped by Samuel Montembeault with a rebound.
0:15 of 2nd period - Wrist shot by Bryan Rust.
0:15 of 2nd period - Stopped by Samuel Montembeault with a rebound.
0:17 of 2nd period - Wrist shot by Brad Marchand.
0:17 of 2nd period - Stopped by Samuel Montembeault without a rebound.
0:18 of 2nd period - Patrik Berglund wins face-off versus Tomas Hertl in Rangers zone.
0:33 of 2nd period - Snap shot by Ryan Strome.
0:33 of 2nd period - Stopped by Christopher Gibson without a rebound.
0:34 of 2nd period - Sean Couturier wins face-off versus Eric Staal in Flames zone.
0:57 of 2nd period - Minor Penalty to Brad Marchand for High sticking.
0:58 of 2nd period - Sean Couturier wins face-off versus Patrik Berglund in Flames zone.
1:06 of 2nd period - Icing by Mikhail Sergachev.
1:07 of 2nd period - Sean Couturier wins face-off versus Patrik Berglund in Rangers zone.
1:19 of 2nd period - Wrist shot by Milan Lucic.
1:19 of 2nd period - Stopped by Christopher Gibson without a rebound.
1:20 of 2nd period - Sean Couturier wins face-off versus Patrik Berglund in Flames zone.
1:25 of 2nd period - Wrist shot by Ryan Strome.
1:25 of 2nd period - Stopped by Christopher Gibson without a rebound.
1:26 of 2nd period - Patrik Berglund wins face-off versus Sean Couturier in Flames zone.
1:26 of 2nd period - Patrik Berglund is hit by Sean Couturier.
2:57 of 2nd period - Penalty to Brad Marchand is over, Brad Marchand is back on ice.
4:02 of 2nd period - Snap shot by Samuel Blais.
4:02 of 2nd period - Goal by Samuel Blais - Flames : 1 - Rangers : 1.
4:03 of 2nd period - Eric Staal wins face-off versus Casey Mittelstadt in neutral zone.
4:15 of 2nd period - Slapshot by Jake McCabe.
4:15 of 2nd period - Stopped by Christopher Gibson without a rebound.
4:16 of 2nd period - Eric Staal wins face-off versus Casey Mittelstadt in Flames zone.
4:31 of 2nd period - Snap shot by Samuel Blais.
4:31 of 2nd period - Stopped by Christopher Gibson with a rebound.
4:37 of 2nd period - Minor Penalty to Bryan Rust for High sticking.
4:38 of 2nd period - Patrik Berglund wins face-off versus Sean Couturier in Flames zone.
4:53 of 2nd period - Snap shot by Cale Makar.
4:53 of 2nd period - Shot Misses the Net.
4:55 of 2nd period - Slapshot by Ryan Strome.
4:55 of 2nd period - Goal by Ryan Strome - Flames : 1 - Rangers : 2.
4:56 of 2nd period - Milan Lucic wins face-off versus Eric Staal in neutral zone.
5:35 of 2nd period - Icing by Tomas Hertl.
5:36 of 2nd period - Patrik Berglund wins face-off versus Tomas Hertl in Rangers zone.
5:41 of 2nd period - Snap shot by Tanner Pearson.
5:41 of 2nd period - Stopped by Samuel Montembeault with a rebound.
6:05 of 2nd period - Wrist shot by Ryan Strome.
6:05 of 2nd period - Stopped by Christopher Gibson with a rebound.
6:07 of 2nd period - Snap shot by Tomas Hertl.
6:07 of 2nd period - Deflect By Ryan Strome.
6:07 of 2nd period - Shot Blocked by Erik Johnson.
6:07 of 2nd period - Puck is out of play.
6:08 of 2nd period - Patrik Berglund wins face-off versus Sean Couturier in Flames zone.
6:28 of 2nd period - Minor Penalty to Jimmy Hayes for Elbowing.
6:29 of 2nd period - Patrik Berglund wins face-off versus Sean Couturier in Flames zone.
6:39 of 2nd period - Snap shot by Milan Lucic.
6:39 of 2nd period - Stopped by Christopher Gibson without a rebound.
6:40 of 2nd period - Sean Couturier wins face-off versus Patrik Berglund in Flames zone.
6:53 of 2nd period - Wrist shot by Milan Lucic.
6:53 of 2nd period - Stopped by Christopher Gibson without a rebound.
6:54 of 2nd period - Sean Couturier wins face-off versus Patrik Berglund in Flames zone.
6:57 of 2nd period - Slapshot by Cale Makar.
6:57 of 2nd period - Deflect By Ryan Strome.
6:57 of 2nd period - Shot Misses the Net.
6:57 of 2nd period - Puck is out of play.
6:58 of 2nd period - Sean Couturier wins face-off versus Patrik Berglund in Flames zone.
6:59 of 2nd period - Slapshot by Cale Makar.
6:59 of 2nd period - Stopped by Christopher Gibson with a rebound.
7:03 of 2nd period - Snap shot by Sean Couturier.
7:03 of 2nd period - Shot Blocked by Christian Folin.
7:12 of 2nd period - Minor Penalty to Erik Johnson for Interference.
7:13 of 2nd period - Eric Staal wins face-off versus Sean Couturier in Flames zone.
8:14 of 2nd period - Snap shot by Bryan Rust.
8:14 of 2nd period - Shot Misses the Net.
8:28 of 2nd period - Penalty to Jimmy Hayes is over, Jimmy Hayes is back on ice.
9:12 of 2nd period - Penalty to Erik Johnson is over, Erik Johnson is back on ice.
10:10 of 2nd period - Slapshot by Evgeny Svechnikov.
10:10 of 2nd period - Shot Misses the Net.
10:50 of 2nd period - Cale Makar is hit by Tanner Pearson and loses puck.
11:29 of 2nd period - Dmitry Kulikov is hit by Patrik Berglund and loses puck.
11:42 of 2nd period - Eric Staal is hit by Dmitry Kulikov and loses puck.
11:49 of 2nd period - Ondrej Palat is hit by Jake DeBrusk and loses puck.
12:41 of 2nd period - Rasmus Andersson is hit by Vince Dunn.
12:45 of 2nd period - Rasmus Andersson is hit by Vince Dunn and loses puck.
12:50 of 2nd period - Slapshot by Cale Makar.
12:50 of 2nd period - Shot Blocked by Rasmus Andersson.
12:52 of 2nd period - Backhand shot by Vince Dunn.
12:52 of 2nd period - Shot Misses the Net.
12:54 of 2nd period - Slapshot by Jake McCabe.
12:54 of 2nd period - Shot Misses the Net.
13:04 of 2nd period - Snap shot by Milan Lucic.
13:04 of 2nd period - Shot Misses the Net.
13:06 of 2nd period - Snap shot by Sean Couturier.
13:06 of 2nd period - Deflect By Milan Lucic.
13:06 of 2nd period - Stopped by Christopher Gibson with a rebound.
13:16 of 2nd period - Minor Penalty to Eric Staal for Roughing.
13:17 of 2nd period - Patrik Berglund wins face-off versus Sean Couturier in Flames zone.
13:31 of 2nd period - Slapshot by Cale Makar.
13:31 of 2nd period - Shot Blocked by Christian Folin.
13:33 of 2nd period - Snap shot by Cale Makar.
13:33 of 2nd period - Goal by Cale Makar - Flames : 1 - Rangers : 3.
13:34 of 2nd period - Sean Couturier wins face-off versus Patrik Berglund in neutral zone.
14:04 of 2nd period - Off-side.
14:05 of 2nd period - Tomas Hertl wins face-off versus Eric Staal in neutral zone.
14:28 of 2nd period - Snap shot by Tomas Hertl.
14:28 of 2nd period - Goal by Tomas Hertl - Flames : 1 - Rangers : 4.
14:29 of 2nd period - Patrik Berglund wins face-off versus Sean Couturier in neutral zone.
14:32 of 2nd period - Slapshot by Sami Vatanen.
14:32 of 2nd period - Stopped by Samuel Montembeault with a rebound.
14:34 of 2nd period - Slapshot by Erik Johnson.
14:34 of 2nd period - Stopped by Samuel Montembeault with a rebound.
14:36 of 2nd period - Wrist shot by Sami Vatanen.
14:36 of 2nd period - Stopped by Samuel Montembeault without a rebound.
14:37 of 2nd period - Sean Couturier wins face-off versus Jimmy Hayes in Rangers zone.
14:47 of 2nd period - Minor Penalty to Jimmy Hayes for Slashing.
14:48 of 2nd period - Patrik Berglund wins face-off versus Sean Couturier in Flames zone.
14:48 of 2nd period - Patrik Berglund is hit by Milan Lucic.
16:38 of 2nd period - Brad Marchand is hit by Ryan Strome and loses puck.
16:47 of 2nd period - Penalty to Jimmy Hayes is over, Jimmy Hayes is back on ice.
17:15 of 2nd period - Snap shot by David Ullstrom.
17:15 of 2nd period - Shot Misses the Net.
17:17 of 2nd period - Slapshot by David Ullstrom.
17:17 of 2nd period - Stopped by Samuel Montembeault without a rebound.
17:18 of 2nd period - Casey Mittelstadt wins face-off versus Anders Lee in Rangers zone.
17:41 of 2nd period - Snap shot by Connor Chatam.
17:41 of 2nd period - Shot Misses the Net.
17:43 of 2nd period - Wrist shot by Mikhail Sergachev.
17:43 of 2nd period - Shot Blocked by David Ullstrom.
18:01 of 2nd period - Wrist shot by Samuel Blais.
18:01 of 2nd period - Stopped by Christopher Gibson with a rebound.
18:03 of 2nd period - Wrist shot by Connor Chatam.
18:03 of 2nd period - Stopped by Christopher Gibson without a rebound.
18:04 of 2nd period - Sean Couturier wins face-off versus Eric Staal in Flames zone.
18:05 of 2nd period - Wrist shot by Milan Lucic.
18:05 of 2nd period - Stopped by Christopher Gibson without a rebound.
18:06 of 2nd period - Eric Staal wins face-off versus Sean Couturier in Flames zone.
18:11 of 2nd period - Slapshot by Erik Johnson.
18:11 of 2nd period - Deflect By Milan Lucic.
18:11 of 2nd period - Stopped by Samuel Montembeault without a rebound.
18:12 of 2nd period - Sean Couturier wins face-off versus Eric Staal in Rangers zone.
19:09 of 2nd period - Backhand shot by Sami Vatanen.
19:09 of 2nd period - Shot Blocked by Mikhail Sergachev.
19:11 of 2nd period - Snap shot by Brad Marchand.
19:11 of 2nd period - Stopped by Samuel Montembeault without a rebound.
19:12 of 2nd period - Patrik Berglund wins face-off versus Ondrej Palat in Rangers zone.
19:15 of 2nd period - Snap shot by Tanner Pearson.
19:15 of 2nd period - Shot Misses the Net.
Goals for this period are 0 for Flames vs 4 for Rangers.
Shots for this period are 10 for Flames vs 17 for Rangers.
3rd period
0:01 of 3rd period - Eric Staal wins face-off versus Milan Lucic in neutral zone.
0:31 of 3rd period - Slapshot by Mikhail Sergachev.
0:31 of 3rd period - Shot Misses the Net.
0:51 of 3rd period - Jake DeBrusk is hit by Casey Mittelstadt and loses puck.
1:04 of 3rd period - Casey Mittelstadt is hit by Kevin Labanc and loses puck.
1:14 of 3rd period - Off-side.
1:15 of 3rd period - Anders Lee wins face-off versus Sean Couturier in neutral zone.
1:18 of 3rd period - Slapshot by Christian Folin.
1:18 of 3rd period - Shot Misses the Net.
1:20 of 3rd period - Snap shot by Christian Folin.
1:20 of 3rd period - Shot Blocked by Devante Smith-Pelly.
3:16 of 3rd period - Rasmus Andersson is hit by Ondrej Palat.
4:36 of 3rd period - Jake DeBrusk is hit by Tomas Hertl and loses puck.
4:41 of 3rd period - Snap shot by Tomas Hertl.
4:41 of 3rd period - Stopped by Christopher Gibson without a rebound.
4:42 of 3rd period - Milan Lucic wins face-off versus Bryan Rust in Flames zone.
5:57 of 3rd period - Snap shot by Oliver Bjorkstrand.
5:57 of 3rd period - Stopped by Christopher Gibson with a rebound.
5:59 of 3rd period - Slapshot by Cale Makar.
5:59 of 3rd period - Shot Blocked by Esa Lindell.
6:49 of 3rd period - Icing by Rasmus Andersson.
6:50 of 3rd period - Kyle Palmieri wins face-off versus Ondrej Palat in Flames zone.
7:05 of 3rd period - Wrist shot by Eric Staal.
7:05 of 3rd period - Shot Blocked by Vince Dunn.
7:07 of 3rd period - Snap shot by Brad Marchand.
7:07 of 3rd period - Stopped by Samuel Montembeault with a rebound.
7:45 of 3rd period - Snap shot by Kyle Palmieri.
7:45 of 3rd period - Stopped by Samuel Montembeault without a rebound.
7:46 of 3rd period - Kyle Palmieri wins face-off versus Tomas Hertl in Rangers zone.
9:24 of 3rd period - Vince Dunn is hit by Erik Johnson and loses puck.
9:29 of 3rd period - Snap shot by Kevin Labanc.
9:29 of 3rd period - Stopped by Samuel Montembeault without a rebound.
9:30 of 3rd period - Sean Couturier wins face-off versus Eric Staal in Rangers zone.
9:37 of 3rd period - Wrist shot by Esa Lindell.
9:37 of 3rd period - Deflect By Eric Staal.
9:37 of 3rd period - Shot Misses the Net.
9:37 of 3rd period - Puck is out of play.
9:38 of 3rd period - Eric Staal wins face-off versus Devante Smith-Pelly in Rangers zone.
9:49 of 3rd period - Wrist shot by Milan Lucic.
9:49 of 3rd period - Stopped by Christopher Gibson with a rebound.
9:51 of 3rd period - Wrist shot by Sean Couturier.
9:51 of 3rd period - Deflect By Devante Smith-Pelly.
9:51 of 3rd period - Shot Misses the Net.
9:51 of 3rd period - Puck is out of play.
9:52 of 3rd period - Sean Couturier wins face-off versus Bryan Rust in Flames zone.
9:56 of 3rd period - Minor Penalty to Brad Marchand for Tripping.
9:57 of 3rd period - Patrik Berglund wins face-off versus Sean Couturier in Flames zone.
10:01 of 3rd period - Ryan Strome is hit by Patrik Berglund and loses puck.
10:12 of 3rd period - Slapshot by Mikhail Sergachev.
10:12 of 3rd period - Stopped by Christopher Gibson with a rebound.
10:24 of 3rd period - Ondrej Palat is hit by Christian Folin and loses puck.
10:53 of 3rd period - Ondrej Palat is hit by David Ullstrom and loses puck.
11:56 of 3rd period - Penalty to Brad Marchand is over, Brad Marchand is back on ice.
12:00 of 3rd period - Snap shot by Brad Marchand.
12:00 of 3rd period - Shot Misses the Net.
12:02 of 3rd period - Snap shot by Brad Marchand.
12:02 of 3rd period - Goal by Brad Marchand - Flames : 2 - Rangers : 4.
12:03 of 3rd period - Eric Staal wins face-off versus Casey Mittelstadt in neutral zone.
12:06 of 3rd period - Snap shot by Eric Staal.
12:06 of 3rd period - Stopped by Samuel Montembeault without a rebound.
12:07 of 3rd period - Eric Staal wins face-off versus Samuel Blais in Rangers zone.
12:54 of 3rd period - Snap shot by Ryan Strome.
12:54 of 3rd period - Shot Blocked by Jake DeBrusk.
13:22 of 3rd period - Wrist shot by Eric Staal.
13:22 of 3rd period - Goal by Eric Staal - Flames : 3 - Rangers : 4.
13:23 of 3rd period - Eric Staal wins face-off versus Sean Couturier in neutral zone.
13:32 of 3rd period - Snap shot by Eric Staal.
13:32 of 3rd period - Shot Misses the Net.
13:34 of 3rd period - Snap shot by Sami Vatanen.
13:34 of 3rd period - Shot Blocked by Cale Makar.
13:36 of 3rd period - Snap shot by Brad Marchand.
13:36 of 3rd period - Shot Misses the Net.
13:38 of 3rd period - Backhand shot by Erik Johnson.
13:38 of 3rd period - Stopped by Samuel Montembeault without a rebound.
13:39 of 3rd period - Tomas Hertl wins face-off versus Patrik Berglund in Rangers zone.
13:56 of 3rd period - Snap shot by Patrik Berglund.
13:56 of 3rd period - Stopped by Samuel Montembeault with a rebound.
15:10 of 3rd period - Wrist shot by Eric Staal.
15:10 of 3rd period - Goal by Eric Staal - Flames : 4 - Rangers : 4.
15:11 of 3rd period - Casey Mittelstadt wins face-off versus Kyle Palmieri in neutral zone.
15:14 of 3rd period - Slapshot by Steven Santini.
15:14 of 3rd period - Stopped by Christopher Gibson without a rebound.
15:15 of 3rd period - Casey Mittelstadt wins face-off versus Kyle Palmieri in Flames zone.
15:30 of 3rd period - Snap shot by Jake DeBrusk.
15:30 of 3rd period - Stopped by Samuel Montembeault without a rebound.
15:31 of 3rd period - Sean Couturier wins face-off versus Eric Staal in Rangers zone.
15:58 of 3rd period - Sami Vatanen is hit by Cale Makar.
16:08 of 3rd period - Wrist shot by Samuel Blais.
16:08 of 3rd period - Stopped by Christopher Gibson with a rebound.
16:29 of 3rd period - Slapshot by Christian Folin.
16:29 of 3rd period - Stopped by Samuel Montembeault with a rebound.
16:51 of 3rd period - Snap shot by Evgeny Svechnikov.
16:51 of 3rd period - Shot Blocked by Steven Santini.
17:26 of 3rd period - Snap shot by Vince Dunn.
17:26 of 3rd period - Deflect By Esa Lindell.
17:26 of 3rd period - Stopped by Christopher Gibson without a rebound.
17:27 of 3rd period - Kyle Palmieri wins face-off versus Casey Mittelstadt in Flames zone.
17:55 of 3rd period - Cale Makar is hit by Brad Marchand and loses puck.
18:24 of 3rd period - Slapshot by Jimmy Hayes.
18:24 of 3rd period - Stopped by Samuel Montembeault with a rebound.
18:26 of 3rd period - Wrist shot by Jimmy Hayes.
18:26 of 3rd period - Stopped by Samuel Montembeault without a rebound.
18:27 of 3rd period - Kyle Palmieri wins face-off versus Casey Mittelstadt in Rangers zone.
18:54 of 3rd period - Devante Smith-Pelly is hit by Eric Staal and loses puck.
19:03 of 3rd period - Wrist shot by Eric Staal.
19:03 of 3rd period - Stopped by Samuel Montembeault with a rebound.
19:37 of 3rd period - Slapshot by Patrik Berglund.
19:37 of 3rd period - Shot Misses the Net.
Goals for this period are 3 for Flames vs 0 for Rangers.
Shots for this period are 14 for Flames vs 7 for Rangers.
Overtime #1
0:01 of 1st overtime period - Sean Couturier wins face-off versus Eric Staal in neutral zone.
0:32 of 1st overtime period - Snap shot by Devante Smith-Pelly.
0:32 of 1st overtime period - Shot Blocked by Patrik Berglund.
1:10 of 1st overtime period - Wrist shot by Brad Marchand.
1:10 of 1st overtime period - Shot Blocked by Ondrej Palat.
1:41 of 1st overtime period - Off-side.
1:42 of 1st overtime period - Brad Marchand wins face-off versus Ondrej Palat in neutral zone.
1:57 of 1st overtime period - Wrist shot by Ryan Strome.
1:57 of 1st overtime period - Deflect By Erik Johnson.
1:57 of 1st overtime period - Stopped by Christopher Gibson without a rebound.
1:58 of 1st overtime period - Sean Couturier wins face-off versus Eric Staal in Flames zone.
1:59 of 1st overtime period - Snap shot by Milan Lucic.
1:59 of 1st overtime period - Shot Misses the Net.
2:13 of 1st overtime period - Wrist shot by Eric Staal.
2:13 of 1st overtime period - Stopped by Samuel Montembeault without a rebound.
2:14 of 1st overtime period - Sean Couturier wins face-off versus Eric Staal in Rangers zone.
3:24 of 1st overtime period - Icing by Jake McCabe.
3:25 of 1st overtime period - Ryan Strome wins face-off versus Bryan Rust in Rangers zone.
3:46 of 1st overtime period - Tomas Hertl is hit by Erik Johnson and loses puck.
3:57 of 1st overtime period - Slapshot by Tomas Hertl.
3:57 of 1st overtime period - Deflect By Sean Couturier.
3:57 of 1st overtime period - Stopped by Christopher Gibson with a rebound.
Goals for this period are 0 for Flames vs 0 for Rangers.
Shots for this period are 1 for Flames vs 2 for Rangers.
ShootOut
5:00 of 1st overtime period - Round #1.
5:00 of 1st overtime period - Flames, Eric Staal.
5:00 of 1st overtime period - Wrist shot by Eric Staal.
5:00 of 1st overtime period - Stopped by Samuel Montembeault.
5:00 of 1st overtime period - Rangers, Milan Lucic.
5:00 of 1st overtime period - Snap shot by Milan Lucic.
5:00 of 1st overtime period - Stopped by Christopher Gibson.
5:00 of 1st overtime period - Round #2.
5:00 of 1st overtime period - Flames, Jake DeBrusk.
5:00 of 1st overtime period - Snap shot by Jake DeBrusk.
5:00 of 1st overtime period - Stopped by Samuel Montembeault.
5:00 of 1st overtime period - Rangers, Sean Couturier.
5:00 of 1st overtime period - Deke by Sean Couturier.
5:00 of 1st overtime period - Goal by Sean Couturier.
5:00 of 1st overtime period - Round #3.
5:00 of 1st overtime period - Flames, Jimmy Hayes.
5:00 of 1st overtime period - Deke by Jimmy Hayes.
5:00 of 1st overtime period - Stopped by Samuel Montembeault.